 Dungeon Crawl Stone Soup version 0.23.0-28-g6fe0f4d (webtiles) character file.

Game seed: 0

182 Lanoc the Slasher (level 5, -3/42 HPs)
             Began as a Gnoll Chaos Knight on Feb 25, 2019.
             Was a Plaything of Xom.
             Slain by an ogre
             ... wielding a +0 giant club
              (17 damage)
             ... on level 4 of the Dungeon.
             The game lasted 00:05:51 (2370 turns).

Lanoc the Slasher (Gnoll Chaos Knight)              Turns: 2370, Time: 00:05:52

Health: -3/42      AC:  7    Str: 14    XL:     5   Next: 62%
Magic:  7/7        EV: 12    Int: 14    God:    Xom [.....*]
Gold:   214        SH:  4    Dex: 14    Spells: 7/7 levels left

rFire    . . .     SeeInvis .   a - +0 falchion (chaos)
rCold    . . .     Gourm    +   y - +0 buckler
rNeg     . . .     Faith    .   b - +2 leather armour
rPois    .         Spirit   .   (no helmet)
rElec    .         Reflect  .   (no cloak)
rCorr    .         Harm     .   u - +1 pair of gloves
MR       .....                  (no boots)
Stlth    ++........             v - amulet of the gourmand
HPRegen  0.14/turn              (no ring)
MPRegen  0.10/turn              (no ring)

@: no status effects
A: distributed training, fangs 1, blurry vision 2, clumsy 1, frail 1, strong
nose
a: Renounce Religion


You were on level 4 of the Dungeon.
You worshipped Xom.
You were Xom's teddy bear.
You were full.

You visited 1 branch of the dungeon, and saw 4 of its levels.

You collected 214 gold pieces.

Inventory:

Hand Weapons
 a - a +0 falchion of chaos (weapon)
 e - a +2 dagger of electrocution
Missiles
 g - 40 sling bullets
 n - 34 arrows
Armour
 b - a +2 leather armour (worn)
 u - a +1 pair of gloves (worn)
 y - a +0 buckler (worn)
Jewellery
 v - an amulet of the gourmand (around neck)
 w - a cursed -2 ring of strength {unknown}
Scrolls
 d - 3 scrolls of identify {unknown}
 h - 2 scrolls of remove curse {unknown}
 i - a scroll of magic mapping {unknown}
 t - 2 scrolls of teleportation {unknown}
 x - a scroll of enchant weapon {unknown}
 z - a scroll of noise {unknown}
Potions
 f - 5 potions of ambrosia {unknown}
 j - a potion of curing {unknown}
 k - a potion of mutation {unknown}
 l - 3 potions of haste {unknown}
 m - 3 potions of flight {unknown}
 o - a potion of cancellation {unknown}
 p - a potion of heal wounds {unknown}
 q - a potion of agility {unknown}
 r - a potion of might {unknown}
 s - 2 potions of brilliance {unknown}
Comestibles
 c - 7 rations


   Skills:
 + Level 6.7 Fighting
 + Level 1.5 Short Blades
 + Level 6.7 Long Blades
 + Level 1.5 Axes
 + Level 1.5 Maces & Flails
 + Level 1.5 Polearms
 + Level 1.5 Staves
 + Level 1.5 Slings
 + Level 1.5 Bows
 + Level 1.5 Crossbows
 + Level 1.5 Throwing
 + Level 4.8 Armour
 + Level 3.0 Dodging
 + Level 1.5 Stealth
 + Level 1.5 Shields
 + Level 1.5 Unarmed Combat
 + Level 1.5 Spellcasting
 + Level 1.2 Conjurations
 + Level 1.2 Hexes
 + Level 1.2 Charms
 + Level 1.2 Summonings
 + Level 1.2 Necromancy
 + Level 1.2 Translocations
 + Level 1.2 Transmutations
 + Level 1.2 Fire Magic
 + Level 1.2 Ice Magic
 + Level 1.2 Air Magic
 + Level 1.2 Earth Magic
 + Level 1.2 Poison Magic
 + Level 1.7 Invocations
 + Level 1.5 Evocations


You had 7 spell levels left.
You didn't know any spells.
Your spell library contained the following spells:

 Spells                   Type           Power        Failure   Level  Hunger
 Malign Gateway           Summ/Tloc      #.........   100%        7    #######
 Monstrous Menagerie      Summ           #.........   100%        7    #######
 Summon Greater Demon     Summ           #.........   100%        7    #######
 Summon Horrible Things   Summ           #.........   100%        8    #######


Dungeon Overview and Level Annotations

Branches:
Dungeon (4/15)
 Temple: D:4-7

Altars:
Fedhas
Trog

Annotations:
D:4 Menkaure


Innate Abilities, Weirdness & Mutations

Your experience applies equally to all skills.
You have very sharp teeth.
Your uncanny sense of smell can sniff out nearby items.
Scrolls take you longer to read.
You are clumsy. (Dex -2)
You are frail. (-10% HP)


Message History

Found a bubbling green potion.
You hit the ogre. You freeze the ogre.
The ogre is lightly wounded.
The ogre barely misses you.
You riposte.
You hit the ogre. You burn the ogre.
The ogre is moderately wounded.
The scorpion misses you.
You hit the scorpion but do no damage. The scorpion barely misses you.
The ogre barely misses you.
You riposte.
You hit the ogre.
The ogre is moderately wounded.
You slash the ogre!
The ogre is poisoned.
Ouch! You feel a sudden electric shock.
The ogre is heavily wounded.
The scorpion stings you but does no damage.
You hit the ogre.
You feel better.
Wisps of condensation drift from your falchion of chaos.
You bite the ogre, but do no damage.
The ogre is severely wounded.
The ogre hits you with a +0 giant club!
You die...
Xom guffaws!

#).......†..# ##...........
#........... .............
#####.....##. ##.# #.....##.
#...## ###.##... #...%# ###
#...... .>..# ##@#######
####... #.#.# #s#O..!... ###.
#.#.## ##.#######. #.
#[...#######.#######. ##
#..$.......).........########
##...#######.#####≈.≈≈≈.....#
##.###### #.# #.≈≈≈≈.###.#
#.# #.. .#. #.≈_≈≈.###.. #.#
#.# # ###.#.≈≈≈.#.[...


You could see an ogre and a scorpion.

Vanquished Creatures
  A bullfrog skeleton (D:4)
  Robin (D:4)
  3 gnolls (D:3)
  3 adders
  An ooze (D:4)
  2 worms
  3 dart slugs
  3 orcs (D:3)
  8 bats
  5 giant cockroaches
  8 goblins
  10 hobgoblins
  3 jackals (D:3)
  A quokka (D:4)
  3 frilled lizards
  9 kobolds
  2 rats (D:3)
66 creatures vanquished.

Vanquished Creatures (others)
  A wizard (D:3)
  A worm (D:2)
  An orc (D:3)
3 creatures vanquished.

Grand Total: 69 creatures vanquished

Notes
Turn   | Place    | Note
-------+----------+-------------------------------------------
     0 | D:1      | Lanoc the Gnoll Chaos Knight began the quest for the Orb.
     0 | D:1      | Reached XP level 1. HP: 23/23 MP: 1/1
   136 | D:1      | XOM: harmless Chrm miscast
   269 | D:1      | XOM: divination: magic mapping
   271 | D:1      | Reached XP level 2. HP: 27/29 MP: 2/2
   453 | D:1      | XOM: harmless Pois miscast
   679 | D:2      | Reached XP level 3. HP: 31/35 MP: 3/3
   787 | D:2      | Reached skill level 1 in Invocations
  1013 | D:2      | Reached skill level 1 in Short Blades
  1013 | D:2      | Reached skill level 1 in Axes
  1013 | D:2      | Reached skill level 1 in Maces & Flails
  1013 | D:2      | Reached skill level 1 in Polearms
  1013 | D:2      | Reached skill level 1 in Staves
  1013 | D:2      | Reached skill level 1 in Slings
  1013 | D:2      | Reached skill level 1 in Bows
  1013 | D:2      | Reached skill level 1 in Crossbows
  1013 | D:2      | Reached skill level 1 in Throwing
  1013 | D:2      | Reached skill level 1 in Stealth
  1013 | D:2      | Reached skill level 1 in Shields
  1013 | D:2      | Reached skill level 1 in Unarmed Combat
  1013 | D:2      | Reached skill level 1 in Spellcasting
  1013 | D:2      | Reached skill level 1 in Evocations
  1017 | D:2      | Reached XP level 4. HP: 32/41 MP: 5/5
  1048 | D:2      | XOM: 7-stop teleportation journey
  1403 | D:3      | XOM: enchant monster (bad)
  1408 | D:3      | Reached skill level 1 in Conjurations
  1408 | D:3      | Reached skill level 1 in Hexes
  1408 | D:3      | Reached skill level 1 in Charms
  1408 | D:3      | Reached skill level 1 in Summonings
  1408 | D:3      | Reached skill level 1 in Necromancy
  1408 | D:3      | Reached skill level 1 in Translocations
  1408 | D:3      | Reached skill level 1 in Transmutations
  1408 | D:3      | Reached skill level 1 in Fire Magic
  1408 | D:3      | Reached skill level 1 in Ice Magic
  1408 | D:3      | Reached skill level 1 in Air Magic
  1408 | D:3      | Reached skill level 1 in Earth Magic
  1408 | D:3      | Reached skill level 1 in Poison Magic
  1531 | D:3      | XOM: give mutations
  1531 | D:3      | Gained mutation: Scrolls take you a little longer to read.
                  | [Xom's mischief]
  1531 | D:3      | Gained mutation: Scrolls take you longer to read. [Xom's
                  | mischief]
  1597 | D:3      | XOM: confusion
  1613 | D:3      | Reached XP level 5. HP: 23/47 MP: 6/6
  1726 | D:3      | XOM: harmless Tmut miscast
  1967 | D:3      | XOM: mild Air miscast
  1970 | D:3      | XOM: smoke on damage
  1972 | D:3      | XOM: give mutations
  1972 | D:3      | Gained mutation: You are clumsy. (Dex -2) [Xom's mischief]
  1972 | D:3      | Gained mutation: You are frail. (-10% HP) [Xom's mischief]
  1990 | D:3      | Found a bloodstained altar of Trog.
  2011 | D:3      | Noticed a wizard
  2014 | D:3      | Killed a wizard
  2109 | D:4      | XOM: noise
  2122 | D:4      | XOM: medium Chrm miscast
  2214 | D:4      | Noticed Robin
  2224 | D:4      | Killed Robin
  2278 | D:4      | Found a blossoming altar of Fedhas.
  2298 | D:4      | Noticed an ogre
  2320 | D:4      | XOM: summons friendly crimson imp
  2323 | D:4      | Noticed Menkaure
  2332 | D:4      | XOM: cleaving
  2347 | D:4      | XOM: cast spell 'Dispersal'
  2364 | D:4      | Noticed an ogre
  2370 | D:4      | Slain by an ogre

Skill      XL: |  1  2  3  4  5 |
---------------+----------------+-----
Invocations    | 1 |  1.7
Short Blades   | 1 |  1.5
Axes           | 1 |  1.5
Maces & Flails | 1 |  1.5
Polearms       | 1 |  1.5
Staves         | 1 |  1.5
Slings         | 1 |  1.5
Bows           | 1 |  1.5
Crossbows      | 1 |  1.5
Throwing       | 1 |  1.5
Stealth        | 1 |  1.5
Shields        | 1 |  1.5
Unarmed Combat | 1 |  1.5
Spellcasting   | 1 |  1.5
Evocations     | 1 |  1.5
Conjurations   | 1 |  1.2
Hexes          | 1 |  1.2
Charms         | 1 |  1.2
Summonings     | 1 |  1.2
Necromancy     | 1 |  1.2
Translocations | 1 |  1.2
Transmutations | 1 |  1.2
Fire Magic     | 1 |  1.2
Ice Magic      | 1 |  1.2
Air Magic      | 1 |  1.2
Earth Magic    | 1 |  1.2
Poison Magic   | 1 |  1.2
Dodging        | 3 |  3.0
Fighting       | |  6.7
Long Blades    | |  6.7
Armour         | |  4.8

Action                   |  1- 3 |  4- 6 || total
-------------------------+-------+-------++-------
Melee: Falchion          |    84 |    92 ||   176
       Bite              |     8 |    11 ||    19
 Stab: Sleeping          |     1 |     1 ||     2
       Petrifying        |     1 |       ||     1
  Eat: Chunk             |       |    13 ||    13
Armor: Leather armour    |    25 |    53 ||    78
Dodge: Dodged            |    51 |    81 ||   132
Block: Buckler           |       |     5 ||     5
       Rpst.: Falchion   |    13 |    30 ||    43
